 Dungeon Crawl Stone Soup version 0.23.2-1-ga50397a6bc (webtiles) character file.

Game seed: 4031671897022617829

7515 Descartes the Blocker (level 11, -8/85 HPs)
             Began as a Formicid Fighter on May 21, 2019.
             Was a Believer of Cheibriados.
             Killed from afar by a blink frog (27 damage)
             ... with an exploding inner flame
             ... hexed by the player character
             ... on level 2 of the Lair of Beasts.
             The game lasted 00:18:51 (9211 turns).

Descartes the Blocker (Formicid Fighter)            Turns: 9211, Time: 00:18:53

Health: -8/85      AC: 18    Str: 31    XL:     11   Next: 38%
Magic:  15/15      EV: 13    Int: 13    God:    Cheibriados [**....]
Gold:   360        SH: 13    Dex: 19    Spells: 10/10 levels left

rFire    . . .     SeeInvis +   a - +0 war axe
rCold    . . .     Gourm    .   c - +0 shield
rNeg     . . .     Faith    .   p - +0 chain mail
rPois    .         Spirit   .   (helmet unavailable)
rElec    .         Reflect  .   m - +2 cloak
rCorr    .         Harm     .   o - +1 pair of gloves
MR       ++...                  (no boots)
Stlth    ..........             (no amulet)
HPRegen  0.24/turn              v - +3 ring of strength
MPRegen  0.14/turn              F - ring of protection from magic

@: very slow
A: permanent stasis, dig shafts and tunnels, four strong arms, antennae 3,
talons 1, thin metallic scales 1
a: Dig, Shaft Self, Bend Time, Renounce Religion


You were on level 2 of the Lair of Beasts.
You worshipped Cheibriados.
Cheibriados was pleased with you.
You were not hungry.

You visited 3 branches of the dungeon, and saw 11 of its levels.

You collected 360 gold pieces.

Inventory:

Hand Weapons
 a - a +0 war axe (weapon)
 A - a +2 morningstar of crushing
 C - a +0 hand axe of flaming
Missiles
 e - 359 stones (quivered)
 h - 13 poisoned needles
 k - 3 exploding tomahawks
 l - 5 tomahawks of returning
 w - 13 tomahawks
 x - 107 arrows
Armour
 c - a +0 shield (worn)
 m - a +2 cloak (worn)
 o - a +1 pair of gloves (worn)
 p - a +0 chain mail (worn)
 D - a +0 ring mail of poison resistance
Magical Staves
 i - an uncursed staff of summoning {unknown}
Jewellery
 v - a +3 ring of strength (left hand)
 F - a ring of protection from magic (right hand)
 J - an uncursed ring of positive energy
Wands
 u - a wand of polymorph (7)
 z - a wand of digging (6)
 G - a wand of enslavement (6)
Scrolls
 s - 2 scrolls of amnesia
 t - 7 scrolls of identify
 H - 2 scrolls of remove curse
Potions
 d - 2 potions of might
 j - a potion of ambrosia
 n - a potion of brilliance
 q - 3 potions of curing
 r - a potion of agility
 E - a potion of flight {unknown}
 I - a potion of degeneration {unknown}
 K - a potion of lignification {unknown}
 M - a potion of haste {unknown}
Comestibles
 f - 13 rations


   Skills:
 + Level 7.7 Fighting
 * Level 7.7(8.6) Axes
 + Level 5.7(7.6) Maces & Flails
 + Level 7.8 Armour
 + Level 5.6 Dodging
 - Level 9.0 Shields
 + Level 5.5 Evocations


You had 10 spell levels left.
You didn't know any spells.
Your spell library contained the following spells:

 Spells                   Type           Power        Failure   Level  Hunger
 Infusion                 Chrm           #...         77%         1    ##.....
 Magic Dart               Conj           #...         77%         1    ##.....
 Call Imp                 Summ           #.......     88%         2    ###....
 Shroud of Golubria       Chrm/Tloc      #.........   88%         2    ###....
 Slow                     Hex            #.......     88%         2    ###....
 Song of Slaying          Chrm           #.......     88%         2    ###....
 Conjure Flame            Conj/Fire      #.......     98%         3    ####...
 Mephitic Cloud           Conj/Pois/Air  #.......     98%         3    ####...
 Regeneration             Chrm/Necr      #.........   98%         3    ####...
 Spectral Weapon          Hex/Chrm       #.......     98%         3    ####...
 Blink                    Tloc           Unusable     N/A         2    N/A

Dungeon Overview and Level Annotations

Branches:
Dungeon (8/15)             Temple (1/1) D:7            Lair (2/6) D:8
 Shoals (0/4) Lair:2        Snake (0/4) Lair:2

Altars:
Ashenzari
Cheibriados
Dithmenos
Elyvilon
Fedhas
Gozag
Kikubaaqudgha
Makhleb
Nemelex Xobeh
Okawaru
Qazlal
Ru
Sif Muna
Trog
Uskayaw
Vehumet
Wu Jian
Xom
Yredelemnul
Zin
The Shining One

Annotations:
D:6 5 runed translucent doors


Innate Abilities, Weirdness & Mutations

You cannot be hasted, slowed, berserked, paralysed or teleported.
You can dig through walls and to a lower floor.
Your four strong arms can wield two-handed weapons with a shield.
You have a pair of large antennae on your head. (SInv)
You have sharp toenails.
You are partially covered in thin metallic scales. (AC +2)


Message History

You closely miss the blink frog. Your kick misses the blink frog.
The blink frog is severely wounded.
You miss the blink frog. You closely miss the blink frog.
You block the blink frog's attack.
The blink frog hits you but does no damage.
You block the blink frog's attack.
You hit the blink frog. You claw the blink frog!
The blink frog is almost dead.
You hit the blink frog. x2; You block the blink frog's attack. x2
The blink frog hits you.
* * * LOW HITPOINT WARNING * * *
You block the blink frog's attack.
The blink frog blinks!
You miss the blink frog. You claw the blink frog.
The blink frog explodes!
The fiery explosion engulfs the blink frog!!!
The blink frog explodes!
The fiery explosion engulfs the blink frog!!!
The blink frog explodes!
The fiery explosion engulfs you!!
You die...

**,,,,,,,**,,,,*,,*** ***
***,,,P...#**....,,** *,,
***,**,,.....##.$.,,*,* ***
*,,,*,,,P......#.?*,***
*,,,,,***#...F...##** *** ,,,,,,*
#........# *,*** ,,,,,**
##...§§§§.# *,*,**
,,,,,,**#....§§§§.# **,,,*
,,,,,,,**#...§§§@.# **,,,,*****
,,,,,,,,*#P....§§.#***,,,,,,,*,**
,,,,,,***##.!...§.#,*,*,,,,,,,,,,
,,,,,,* #..<.§P...,,,,,,,,,,,,*
,***,** ######......**,,***,,**
** *** ###P..##**** *,,* *####
****


You could see a blink frog (inner flame).

Vanquished Creatures
  A two-headed ogre (D:8)
  2 spiny frogs (Lair:1)
  17 yaks
  Menkaure (D:7)
  A water moccasin (Lair:1)
  3 porcupines
  A sky beast (D:7)
  A phantom (D:5)
  A black bear (D:8)
  4 ogres
  A centaur (D:8)
  A big kobold (D:7)
  A crocodile (Lair:1)
  Blork the orc (D:4)
  8 bullfrogs
  4 scorpions
  6 killer bees (D:8)
  9 howler monkeys
  4 crimson imps
  2 bullfrog zombies
  4 orc priests
  6 hounds
  A centaur skeleton (D:7)
  2 bullfrog skeletons
  Jessica (D:2)
  4 orc wizards
  An iguana (D:8)
  6 worker ants
  A hound zombie (D:8)
  3 gnolls (D:3)
  8 adders
  A shadow imp (D:8)
  2 oozes
  An adder zombie (D:5)
  2 adder skeletons
  2 worms
  A dart slug (D:2)
  7 leopard geckos
  27 orcs
  9 giant cockroaches
  12 goblins
  8 hobgoblins
  6 jackals
  12 kobolds
  6 quokkas
  A ball python (D:3)
  5 bats
  6 frilled lizards
  A quokka zombie (D:7)
  2 rats (D:3)
217 creatures vanquished.

Vanquished Creatures (others)
  17 fungi (D:8)
  8 plants
25 creatures vanquished.

Grand Total: 242 creatures vanquished

Notes
Turn   | Place    | Note
-------+----------+-------------------------------------------
     0 | D:1      | Descartes the Formicid Fighter began the quest for the Orb.
     0 | D:1      | Reached XP level 1. HP: 18/18 MP: 1/1
     0 | D:1      | Noticed a tentacled monstrosity
     0 | D:1      | Noticed a black draconian
     0 | D:1      | Noticed a large abomination
     5 | D:1      | Noticed a shadow dragon
    11 | D:1      | Noticed a tentacled monstrosity
    13 | D:1      | Noticed a large abomination
    15 | D:1      | Noticed a tentacled monstrosity
    15 | D:1      | Noticed an iron dragon
    17 | D:1      | Noticed an ice dragon
    21 | D:1      | Noticed a large abomination
   235 | D:1      | Reached XP level 2. HP: 24/24 MP: 2/2
   302 | D:1      | Reached skill level 4 in Shields
   474 | D:1      | Reached XP level 3. HP: 29/29 MP: 3/3
  1629 | D:2      | Reached XP level 4. HP: 37/37 MP: 4/4
  1758 | D:2      | Noticed Jessica
  1763 | D:2      | Killed Jessica
  1763 | D:2      | Reached skill level 1 in Dodging
  2247 | D:3      | Reached XP level 5. HP: 38/42 MP: 5/5
  2319 | D:3      | Reached skill level 5 in Shields
  2404 | D:3      | Reached XP level 6. HP: 35/48 MP: 6/6
  2624 | D:3      | Gained mutation: You are partially covered in thin metallic
                  | scales. (AC +2) [potion of mutation]
  2624 | D:3      | Gained mutation: You have sharp toenails. [potion of
                  | mutation]
  3073 | D:4      | Noticed Blork the orc
  3075 | D:4      | Found a bloodstained altar of Trog.
  3082 | D:4      | Killed Blork the orc
  3082 | D:4      | Reached XP level 7. HP: 36/55 MP: 7/7
  3186 | D:4      | Found an ornate altar of the Wu Jian Council.
  3251 | D:4      | Found an ancient bone altar of Kikubaaqudgha.
  3256 | D:4      | Found a deep blue altar of Sif Muna.
  3259 | D:4      | Found a radiant altar of Vehumet.
  3263 | D:4      | Identified Vehumet's Almanac of Blows and Bruises
  3496 | D:4      | Found a shadowy altar of Dithmenos.
  3544 | D:5      | Entered Level 5 of the Dungeon
  3554 | D:5      | Reached skill level 1 in Maces & Flails
  3554 | D:5      | Reached skill level 6 in Shields
  4058 | D:5      | Reached skill level 5 in Armour
  4058 | D:5      | Reached XP level 8. HP: 61/61 MP: 8/8
  4094 | D:5      | Reached skill level 5 in Fighting
  4094 | D:5      | Reached skill level 7 in Shields
  4699 | D:6      | Found a glowing golden altar of the Shining One.
  4761 | D:6      | Found a runed translucent gate.
  4769 | D:6      | Found a runed translucent gate.
  4769 | D:6      | Found a runed translucent door.
  4776 | D:6      | Found the +9 staff of Olgreb {rPois}
  4779 | D:6      | Found a runed translucent door.
  4801 | D:6      | Found a runed translucent gate.
  5046 | D:6      | Reached skill level 1 in Evocations
  5309 | D:7      | Reached XP level 9. HP: 61/68 MP: 9/9
  5394 | D:7      | Reached skill level 8 in Shields
  5844 | D:7      | Noticed Menkaure
  5851 | D:7      | Killed Menkaure
  5851 | D:7      | Reached skill level 5 in Axes
  5851 | D:7      | Reached skill level 9 in Shields
  5889 | D:7      | Reached XP level 10. HP: 71/76 MP: 12/12
  6310 | D:7      | Found a staircase to the Ecumenical Temple.
  6383 | Temple   | Entered the Ecumenical Temple
  6558 | Temple   | Became a worshipper of Cheibriados the Contemplative
  6876 | D:8      | Reached * piety under Cheibriados
  6986 | D:8      | Found a staircase to the Lair.
  7040 | D:8      | Noticed a two-headed ogre
  7052 | D:8      | Killed a two-headed ogre
  7443 | D:8      | Reached skill level 5 in Maces & Flails
  7445 | D:8      | Reached ** piety under Cheibriados
  7456 | D:8      | Reached skill level 5 in Dodging
  7826 | Lair:1   | Entered Level 1 of the Lair of Beasts
  7847 | Lair:1   | Noticed a spiny frog
  7856 | Lair:1   | Killed a spiny frog
  7856 | Lair:1   | Reached XP level 11. HP: 40/84 MP: 14/14
  8481 | Lair:1   | Reached skill level 5 in Evocations
  9211 | Lair:2   | Killed from afar by a blink frog

Skill      XL: |  1  2  3  4  5  6  7  8  9 10 11 |
---------------+----------------------------------+-----
Shields        | 4 5 6 7 9 |  9.0
Dodging        | 1 2 3 4 5 |  5.6
Armour         | 4 5 6 7 |  7.8
Fighting       | 4 5 6 7 |  7.7
Axes           | 3 4 5 6 7 |  7.7
Maces & Flails | 2 3 5 |  5.7
Evocations     | 1 3 4 5 |  5.5

Action                   |  1- 3 |  4- 6 |  7- 9 | 10-12 || total
-------------------------+-------+-------+-------+-------++-------
Melee: War axe           |   133 |   145 |   262 |   267 ||   807
       Kick              |       |    11 |    91 |   118 ||   220
 Abil: Dig               |     1 |       |       |     2 ||     3
  Use: Scroll            |       |    10 |     2 |     4 ||    16
       Potion            |       |     1 |       |       ||     1
  Eat: Chunk             |     3 |     4 |    10 |     7 ||    24
Armor: Scale mail        |    45 |    66 |    13 |       ||   124
       Chain mail        |       |       |    79 |    93 ||   172
       Ring mail         |       |       |     7 |       ||     7
Dodge: Dodged            |    52 |    49 |    85 |   113 ||   299
Block: Shield            |    82 |    73 |   160 |   211 ||   526
